 Dungeon Crawl Stone Soup version 0.18.1-8-gdd0e5ea (webtiles) character file.

313 Quirk the Skirmisher (level 6, -10/39 HPs)
             Began as a Gargoyle Fighter on June 8, 2016.
             Mangled by Duvessa
             ... wielding a +0 short sword
              (11 damage)
             ... on level 4 of the Dungeon.
             The game lasted 00:10:54 (3065 turns).

Quirk the Skirmisher (Gargoyle Fighter)             Turns: 3065, Time: 00:10:55

Health: -10/39     AC: 11    Str: 25    XL:     6   Next: 43%
Magic:  6/6        EV:  8    Int:  9    God:
Gold:   154        SH: 10    Dex: 10    Spells: 0 memorised, 5 levels left

rFire  . . .     SeeInvis .     a - +0 flail
rCold  . . .     Gourm    .     b - +0 scale mail
rNeg   + . .     Faith    .     c - +0 shield
rPois  ∞         Spirit   .     (no helmet)
rElec  +         Dismiss  .     (no cloak)
rCorr  .         Reflect  .     (no gloves)
SustAt .         Harm     .     (no boots)
MR     .....                    (no amulet)
Stlth  ..........               (no ring)
                                (no ring)

@: mighty, glowing, drained, not resistant to hostile enchantments, extremely
unstealthy
A: negative energy resistance 1, electricity resistance, unbreathing,
petrification resistance, rot immunity, AC +4
a: no special abilities


You were on level 4 of the Dungeon.
You were very hungry.

You visited 1 branch of the dungeon, and saw 4 of its levels.

You collected 154 gold pieces.

Inventory:

Hand Weapons
 a - a +0 flail (weapon)
Armour
 b - a +0 scale mail (worn)
 c - a +0 shield (worn)
Jewellery
 o - an uncursed amulet of harm
Scrolls
 e - a scroll of recharging {unknown}
 g - a scroll of immolation {unknown}
 i - a scroll of enchant armour {unknown}
 k - a scroll of blinking {unknown}
 l - 3 scrolls of teleportation
 m - 3 scrolls of identify {unknown}
 n - a scroll of fog {unknown}
 r - 3 scrolls of remove curse {unknown}
 v - a scroll of magic mapping {unknown}
 x - 2 scrolls of fear {unknown}
Potions
 h - 3 potions of curing {unknown}
 j - 2 potions of berserk rage {unknown}
 p - 2 potions of heal wounds {unknown}
 q - a potion of brilliance {unknown}
 s - 3 potions of lignification {unknown}
 u - a potion of ambrosia {unknown}
 w - a potion of flight {unknown}
 A - a potion of degeneration {unknown}
Comestibles
 f - 4 bread rations
 t - 2 meat rations
 z - 4 fruits


   Skills:
 + Level 4.7(4.3) Fighting
 + Level 3.2(2.8) Maces & Flails
 + Level 4.6(4.2) Armour
 + Level 1.8(1.4) Dodging
 + Level 4.3(3.9) Shields


You had 5 spell levels left.
You didn't know any spells.

Dungeon Overview and Level Annotations

Branches:
Dungeon (4/15)
 Temple: D:4-7

Altars:
The Shining One

Annotations:
D:3 Dickchan's ghost, amateur NaTm
D:4 Duvessa


Innate Abilities, Weirdness & Mutations

You are resistant to torment.
Your stone body is resilient (AC +4).
You are immune to poison.
You resist negative energy.
You are resistant to electric shocks.
You can survive without breathing.
You are immune to petrification.
You are immune to rotting.


Message History

You block Duvessa's attack.
You barely miss Duvessa.
Duvessa is moderately wounded.
Duvessa hits you but does no damage. Duvessa hits you with a short sword.
* * * LOW HITPOINT WARNING * * *
You sock Duvessa!
Duvessa is severely wounded.
Duvessa hits you but does no damage. You block Duvessa's attack.
You closely miss Duvessa.
Duvessa is severely wounded.
Duvessa completely misses you. You block Duvessa's attack.
You bludgeon Duvessa!!
Duvessa is almost dead.
Duvessa hits you with a short sword!
* * * LOW HITPOINT WARNING * * *
You block Duvessa's attack.
You barely miss Duvessa.
Duvessa is almost dead.
Duvessa hits you with a short sword!
You die...

.#....###.##...
.##..........#
............#
#.........#.##
......#......#
####..#.#....# ######.
#.....##...### .......
#.##.###.....##e......
#.##..##.#....@)......
#.##...#>......<......
#.##.#.###............
#.##.#.# #.........##.
#.##.#.# #.........#
..##.#.# #.........#
####.#.# #######...#
#.#.. #### ###


You could see Duvessa (berserk).

Vanquished Creatures
  An ogre (D:4)
  Dowan (D:4)
  2 orc wizards (D:3)
  4 adders
  An ooze (D:1)
  3 worms
  2 dart slugs
  5 giant geckos
  6 orcs (D:3)
  7 bats
  3 giant cockroaches
  3 goblins
  7 hobgoblins
  6 jackals
  A quokka (D:3)
  A ball python (D:3)
  A giant gecko skeleton (D:4)
  7 giant newts
  3 kobolds
  8 rats
72 creatures vanquished.

Notes
Turn   | Place    | Note
--------------------------------------------------------------
     0 | D:1      | Quirk the Gargoyle Fighter began the quest for the Orb.
     0 | D:1      | Reached XP level 1. HP: 14/14 MP: 1/1
   112 | D:1      | Reached XP level 2. HP: 19/19 MP: 2/2
   450 | D:1      | Reached XP level 3. HP: 22/23 MP: 3/3
   762 | D:2      | Found a glowing golden altar of the Shining One.
  1309 | D:2      | Reached skill level 1 in Dodging
  1309 | D:2      | Reached XP level 4. HP: 20/29 MP: 4/4
  1517 | D:3      | Reached XP level 5. HP: 30/33 MP: 5/5
  1798 | D:3      | Noticed Dickchan's ghost (amateur NaTm)
  2793 | D:4      | Noticed an ogre
  2808 | D:4      | Killed an ogre
  2808 | D:4      | Reached XP level 6. HP: 19/39 MP: 6/6
  3042 | D:4      | Noticed Dowan
  3043 | D:4      | Noticed Duvessa
  3059 | D:4      | Killed Dowan
  3064 | D:4      | HP: 1/39 [Duvessa/short sword (9)]
  3065 | D:4      | Mangled by Duvessa

Skill      XL: |  1  2  3  4  5 |
---------------+----------------+-----
Armour         | 4 |  4.6
Dodging        | 1 |  1.8
Fighting       | 4 |  4.7
Shields        | 4 |  4.3
Maces & Flails | 3 |  3.2

Action                   |  1- 3 |  4- 6 || total
-------------------------+-------+-------++-------
Melee: Flail             |   173 |   196 ||   369
  Use: Scroll            |       |     1 ||     1
       Potion            |       |     1 ||     1
  Eat: Chunk             |     1 |     4 ||     5
       Beef jerky        |       |     1 ||     1
Armor: Scale mail        |   108 |   120 ||   228
Dodge: Dodged            |    76 |    72 ||   148
Block: Shield            |   131 |   119 ||   250
